 Dungeon Crawl Stone Soup version 0.32-a0-422-g28b100f618 (webtiles) character file.

Game seed: 9230216851807599304

2951 dialectric the Poker (level 9, -9/68 (70) HPs)
             Began as a Coglin Fighter on Feb 21, 2024.
             Mangled by Jeremiah
             ... wielding a +2 trident of draining
              (10 damage)
             ... on level 7 of the Dungeon.
             The game lasted 00:10:03 (6330 turns).

dialectric the Poker (Coglin Fighter)               Turns: 6330, Time: 00:10:03

HP:   -9/68 (70)    AC: 20    Str: 25    XL:     9   Next: 81%
MP:   9/9           EV:  9    Int:  6    God:
Gold: 270           SH:  0    Dex: 15    Spells: 8/8 levels left

rFire   . . .        a - +0 trident {Miranda}
rCold   . . .        q - +1 hand axe (freeze) {Hideko}
rNeg    . . .        n - +0 plate armour
rPois   .            (no helmet)
rElec   .            r - +1 cloak
rCorr   .            (no gloves)
SInv    .            i - +0 pair of boots
Will    +....        h - amulet of the acrobat Stlth
                     p - ring of willpower
HPRegen 0.31/turn    t - +4 ring of protection
MPRegen 0.11/turn

%: acrobat
@: about to teleport, immotile, hasted, lightly drained, revving, very quick
A: off-hand wielding, slow wielding, warmup strikes, legs shutdown, thin
skeletal structure 1, strong 1, noise suppression
a: no special abilities


You were on level 7 of the Dungeon.
You visited 1 branch of the dungeon, and saw 7 of its levels.

You collected 348 gold pieces.
You spent 78 gold pieces at shops.

Inventory:

Hand Weapons
 a - a +0 trident (weapon) {Miranda}
 q - a +1 hand axe of freezing (offhand) {Hideko}
 w - a +0 trident
Missiles
 f - 2 poisoned darts (quivered)
 l - 2 throwing nets
Armour
 b - a +0 scale mail
 c - a +0 buckler
 i - a +0 pair of boots (worn)
 n - a +0 plate armour (worn)
 r - a +1 cloak (worn)
 s - a +0 hat
Jewellery
 e - an amulet of guardian spirit
 h - an amulet of the acrobat (around neck)
 m - a ring of see invisible
 p - a ring of willpower (left grasper)
 t - a +4 ring of protection (right grasper)
Scrolls
 g - a scroll of poison {unknown}
 j - 3 scrolls of identify
 u - a scroll of amnesia {unknown}
 v - a scroll of silence {unknown}
 x - a scroll of revelation {unknown}
Potions
 d - a potion of mutation
 A - 2 potions of enlightenment {unknown}


   Skills:
 + Level 6.3 Fighting
 * Level 7.7 Polearms
 + Level 6.6 Armour
 - Level 5.1 Dodging
 - Level 2.2 Shields


You had 8 spell levels left.
You didn't know any spells.
Your spell library contained the following spells:

 Spells                   Type           Power      Damage    Failure   Level
 Freeze                   Ice            0%         1d3       99%         1
 Sandblast                Erth           0%         2d4       99%         1
 Hailstorm                Conj/Ice       0%         3d5       100%        3
 Passwall                 Erth           0%         N/A       100%        3
 Stone Arrow              Conj/Erth      0%         3d7       100%        3
 Brom's Barrelling Bould  Conj/Erth      0%         2d3       100%        4
 Metabolic Englaciation   Hex/Ice        0%         N/A       100%        5


Dungeon Overview and Level Annotations

Branches:
Dungeon (7/15)             Temple (0/1) D:6

Altars:
Ashenzari
Cheibriados
Dithmenos
Qazlal
Xom
The Shining One

Shops:
D:3 ?   D:4 (

Annotations:
D:4 1 runed translucent door, jestert79's ghost, amateur MDRe
D:7 Jeremiah


Innate Abilities, Weirdness & Mutations

You can wield a second weapon in your off-hand.
It takes a long time for you to wield or remove held weapons.
Your first few attacks do less damage.
Attacking and casting redirects power from your legs.
You have a somewhat thin skeletal structure. (Dex +2, Stealth+)
Your muscles are strong. (Str +4, Int/Dex -1)
You passively dampen the noise of your surroundings.


Message History

You kill the butterfly!
The butterfly disappears in a burst of colours!
You closely miss the butterfly with your +1 hand axe of freezing.
You hit the scorpion but do no damage.
Jeremiah hits you from afar with a +2 trident of draining!
You feel drained.
* * * LOW HITPOINT WARNING * * *
You feel your dexterity returning.
You closely miss the scorpion with your +1 hand axe of freezing.
You hit the butterfly with your +1 hand axe of freezing.
You freeze the butterfly.
You kill the butterfly!
The butterfly disappears in a burst of colours!
You barely miss the butterfly with your +1 hand axe of freezing.
You puncture the scorpion with your +0 trident!
The scorpion stings you but does no damage.
Jeremiah hits you but does no damage.
You feel drained.
Reach: a) +0 trident {Miranda}
Press: ? - help, Dir - move target, f - scorpion
Aim: a scorpion (heavily wounded, about 36% to evade your +0 trident)
You slash the scorpion with your +1 hand axe of freezing!
You freeze the scorpion.
You kill the scorpion!
You miss the butterfly with your +1 hand axe of freezing.
The butterfly disappears in a burst of colours!
Reach: a) +0 trident {Miranda}
Press: ? - help, Dir - move target, f - Jeremiah
Aim: Jeremiah, wielding a +2 trident of draining, wearing a +0 ring mail and wearing an orb of guile (about 39% to evade your +0 trident)
You reach to attack!
You closely miss Jeremiah with your +0 trident.
Jeremiah lets out a twisted cry.
Something smites you!
* * * LOW HITPOINT WARNING * * *
Unknown command.
As you read the scroll of teleportation, it crumbles to dust.
You feel strangely unstable.
The butterfly disappears in a burst of colours!
Jeremiah hits you from afar with a +2 trident of draining!
You die...
Jeremiah says, "O terrible one, your will is done."

...##.## #.###.# ## #).#
#...#.gg ##).##
##..###.. #....## ##.. #
#.....# ... #.....##
######### ##......##
###.......# ###
#........###.#.......#
#.#
#..b..#....#.b@....bb#
##.##
##...b..#..#bbb..._...#
#...##
#.......#.##bFbb....b.#
#....#
##......b#.#bbb#......$#
#....##
#...b...#..#.♣.#....b..#
#.....#
#.......#.##...#########
#...... ..............##
##....## ......b..######
#...###. .........#
#########..## #.


You could see Jeremiah.

Vanquished Creatures
  Pikel (D:7)
  Grinder (D:4)
  Prince Ribbit (D:5)
  A fire bat (D:7)
  3 yaks (D:5)
  Eustachio (D:5)
  Duvessa (D:5)
  An ice beast (D:6)
  An ogre (D:5)
  A centaur (D:6)
  A lemure (D:7)
  A phantom (D:5)
  A gnoll sergeant (D:6)
  3 scorpions
  Dowan (D:4)
  2 howler monkeys (D:7)
  A jelly (D:4)
  A gnoll bouda (D:7)
  3 hounds (D:5)
  An orc priest (D:4)
  5 iguanas
  7 gnolls
  7 adders
  A white imp (D:6)
  A ribbon worm (D:4)
  4 dart slugs
  15 orcs
  8 endoplasms
  4 giant cockroaches
  7 goblins
  7 hobgoblins
  10 jackals
  4 quokkas
  14 ball pythons
  7 bats
  5 frilled lizards
  4 kobolds
  A rat (D:1)
138 creatures vanquished.

Notes
Turn   | Place    | Note
-------+----------+-------------------------------------------
     0 | D:1      | dialectric the Coglin Fighter began the quest for the Orb.
     0 | D:1      | Reached XP level 1. HP: 18/18 MP: 1/1
    44 | D:1      | Reached skill level 2 in Polearms
    62 | D:1      | Reached XP level 2. HP: 24/24 MP: 2/2
   320 | D:1      | Reached XP level 3. HP: 29/29 MP: 3/3
   365 | D:1      | Reached skill level 1 in Dodging
   956 | D:2      | Reached XP level 4. HP: 35/35 MP: 4/4
   974 | D:2      | Got the Cyclopedia of the Iceberg
  1018 | D:2      | Reached skill level 3 in Polearms
  1106 | D:2      | Found a faded altar of an unknown god.
  1349 | D:2      | Identified the +7 ring mail of Untruth {Rampage Int-3 Dex+6
                  | Slay+4}
  1673 | D:3      | Found a stormy altar of Qazlal.
  2183 | D:4      | Reached XP level 5. HP: 39/41 MP: 5/5
  2187 | D:4      | Noticed Dowan
  2193 | D:4      | Killed Dowan
  2324 | D:3      | Found Zehiorgh's Magic Scroll Boutique.
  2333 | D:3      | Bought a scroll of teleportation for 39 gold pieces
  2333 | D:3      | Bought a scroll of teleportation for 39 gold pieces
  2441 | D:3      | Found a glowing golden altar of the Shining One.
  2575 | D:4      | Reached skill level 4 in Polearms
  2584 | D:4      | Noticed Grinder
  2604 | D:4      | Killed Grinder
  2605 | D:4      | Reached XP level 6. HP: 21/47 MP: 6/6
  2825 | D:4      | Noticed Eustachio
  2925 | D:4      | Reached XP level 7. HP: 51/52 MP: 7/7
  2938 | D:4      | Reached skill level 5 in Polearms
  2960 | D:4      | Found a runed translucent door.
  2965 | D:4      | Noticed jestert79's ghost (amateur MDRe)
  3071 | D:4      | Noticed Duvessa
  3073 | D:4      | Found Nolomek's Weapon Shoppe.
  3085 | D:5      | Entered Level 5 of the Dungeon
  3607 | D:5      | Noticed Prince Ribbit
  3616 | D:5      | Killed Prince Ribbit
  3617 | D:5      | Reached XP level 8. HP: 36/60 MP: 8/8
  3710 | D:5      | Found a shadowy altar of Dithmenos.
  3739 | D:5      | Reached skill level 5 in Armour
  3971 | D:5      | Noticed a yak
  3971 | D:5      | Noticed a yak
  3972 | D:5      | Noticed a yak
  3980 | D:5      | Killed a yak
  3983 | D:5      | Killed a yak
  3984 | D:5      | Reached skill level 6 in Polearms
  3986 | D:5      | Killed a yak
  4082 | D:5      | Reached skill level 5 in Fighting
  4270 | D:5      | Killed Duvessa
  4271 | D:5      | Reached XP level 9. HP: 8/68 MP: 9/9
  4487 | D:5      | Killed Eustachio
  4488 | D:5      | Reached skill level 5 in Dodging
  4824 | D:6      | Found a broken altar of Ashenzari.
  4851 | D:6      | Found a staircase to the Ecumenical Temple.
  5532 | D:6      | Found a snail-covered altar of Cheibriados.
  5683 | D:7      | Noticed Pikel
  5714 | D:7      | Killed Pikel
  5715 | D:7      | Reached skill level 7 in Polearms
  6275 | D:7      | Noticed Jeremiah
  6283 | D:7      | Gained mutation: You passively dampen the noise of your
                  | surroundings. [potion of mutation]
  6283 | D:7      | Gained mutation: You have a somewhat thin skeletal
                  | structure. (Dex +2, Stealth+) [potion of mutation]
  6283 | D:7      | Gained mutation: Your muscles are strong. (Str +4, Int/Dex
                  | -1) [potion of mutation]
  6300 | D:7      | Found a shimmering altar of Xom.
  6310 | D:7      | HP: 3/66 [fire bat (5)]
  6329 | D:7      | HP: 1/68 [Jeremiah/divine providence (16)]
  6330 | D:7      | Mangled by Jeremiah

Illustrated notes

Levels and vault maps discovered:
D:1:      dpeg_arrival_shrine, layout_basic
D:2:      cheibrodos_helix_gallery, layout_basic,
          dreamdust_ecumenical_altar_statues
D:3:      layout_basic, nicolae_qazlal_scattered_showers, tso_altar,
          serial_shops, shop
D:4:      layout_rooms, nicolae_ossuary_entry_monument, gammafunk_ghost_grave,
          serial_shops, nicolae_stop_n_shop_1, kennysheep_another_room,
          dreamdust_mushroom_princess, serial_bayou_pond_a, uniq_duvessa,
          uniq_eustachio, uniq_grinder
D:5:      layout_loops_corners, grunt_dithmenos_smoke_and_mirrors,
          uniq_prince_ribbit1
D:6:      layout_loops_ring, nicolae_ashenzari_panopticon,
          kennysheep_slug_shrine, minmay_temple_entry_junction
D:7:      layout_cave_pods, regret_index_xom_of_box,
          minmay_a_box_with_orc_wizards_in_it, uniq_pikel, uniq_jeremiah

Skill      XL: |  1  2  3  4  5  6  7  8  9 |
---------------+----------------------------+-----
Polearms       | 2 3 4 5 6 7 |  7.7
Armour         | 3 4 5 6 |  6.6
Dodging        | 1 2 3 4 5 |  5.1
Fighting       | 5 6 |  6.3
Shields        | |  2.2

Action                     |  1- 3 |  4- 6 |  7- 9 || total
---------------------------+-------+-------+-------++-------
  Melee: Trident           |    73 |   104 |   240 ||   417
         Hand axe          |       |    50 |   187 ||   237
  Throw: Dart              |       |       |     3 ||     3
    Use: Scroll            |       |     3 |     5 ||     8
         Potion            |       |       |     8 ||     8
 Armour: Scale mail        |    48 |    65 |   178 ||   291
         Skin              |       |       |    15 ||    15
         Plate armour      |       |       |    23 ||    23
  Dodge: Dodged            |    21 |    80 |   156 ||   257

Table legend: (Time is in decaauts)
 A = Elapsed time spent in this place.
 B = Non-inter-level travel time spent in this place.
 C = Inter-level travel time spent in this place.
 D = Time resting spent in this place.
 E = Time spent auto-exploring this place.
 F = Levels seen in this place.
 G = Mean time per level.
                   A        B        C        D        E       F      G
               +--------+--------+--------+--------+--------+-----+--------+
         Total |   6356 |   6046 |    310 |    612 |   4174 |   7 |  908.0 |
       Dungeon |   6356 |   6046 |    310 |    612 |   4174 |   7 |  908.0 |
               +--------+--------+--------+--------+--------+-----+--------+

Top non-repeatable levels by time:
     D:5: 1406 daAuts
     D:3: 943 daAuts
     D:4: 838 daAuts
     D:1: 827 daAuts
     D:6: 820 daAuts
     D:2: 802 daAuts
     D:7: 717 daAuts
